 Dungeon Crawl Stone Soup version 0.31.0-11-ge490571c62 (webtiles) character file.

Game seed: 10499637143791750796

2684 ezpacito the Covered (level 9, 0/69 HPs)
             Began as a Demonspawn Berserker on Feb 8, 2024.
             Was an Elder of Trog.
             Slain by Maurice
             ... wielding a +0 dagger
              (4 damage)
             ... on level 7 of the Dungeon.
             The game lasted 00:08:40 (6502 turns).

ezpacito the Covered (Demonspawn Berserker)         Turns: 6502, Time: 00:08:41

Health: 0/69       AC: 11    Str: 20      XL:     9   Next: 37%
Magic:  0/9        EV: 13    Int:  7      God:    Trog [****..]
Gold:   0          SH:  0    Dex: 17 (18) Spells: 8/8 levels left

rFire   . . .        u - +11 mace "Ruoq" {heavy, rN+}
rCold   . . .        (no shield)
rNeg    + . .        q - +2 steam dragon scales
rPois   +            (no helmet)
rElec   .            (no cloak)
rCorr   +            (no gloves)
SInv    .            (no boots)
Will    ++...        t - amulet of guardian spirit
Stlth   ++++         n - ring of Ru's Hatred {rCorr Dex+3 Stlth+}
HPRegen 1.31/turn    x - ring of poison resistance
MPRegen 0.11/turn

%: guardian spirit
@: strong-willed, regenerating
A: yellow scales 2, demonic guardian 3
a: Renounce Religion, Berserk, Trog's Hand, Brothers in Arms


You were on level 7 of the Dungeon.
You worshipped Trog.
Trog was greatly pleased with you.
You visited 2 branches of the dungeon, and saw 8 of its levels.

Inventory:

Hand Weapons
 h - a +0 dagger of flaming
 l - a +2 dagger of distortion
 u - the +11 mace "Ruoq" (weapon) {heavy, rN+}
   (You found it on level 4 of the Dungeon)

   rN+:       It protects you from negative energy.
 B - a +2 dagger of venom
Missiles
 a - 2 javelins
 d - a curare-tipped dart
 g - 11 poisoned darts
 i - 52 stones (quivered)
 k - 2 boomerangs
Armour
 q - +2 steam dragon scales (worn)
 C - a +0 chain mail of positive energy
Jewellery
 n - the ring of Ru's Hatred (left hand) {rCorr Dex+3 Stlth+}
   (You found it on level 2 of the Dungeon)

   [ring of resist corrosion]

   Dex+3:     It affects your dexterity (+3).
   rCorr:     It protects you from acid and corrosion.
   Stlth+:    It makes you more stealthy.
 t - an amulet of guardian spirit (around neck)
 x - a ring of poison resistance (right hand)
Wands
 c - a wand of mindburst (18)
 j - a wand of light (5)
 o - a wand of flame (41)
Scrolls
 b - a scroll of vulnerability
 e - 2 scrolls of poison
 f - 10 scrolls of teleportation
 m - a scroll of butterflies
 r - a scroll of fear
 s - 2 scrolls of blinking
 v - 3 scrolls of fog
 w - a scroll of immolation {unknown}
 y - a scroll of revelation
Potions
 z - a potion of brilliance
 D - a potion of enlightenment


   Skills:
 * Level 5.8 Fighting
 * Level 5.2(5.4) Axes
 - Level 1.9(3.8) Maces & Flails
 * Level 3.2 Throwing
 * Level 6.3 Armour
 * Level 3.7 Dodging
 * Level 4.2 Stealth
 * Level 3.4 Unarmed Combat


You had 8 spell levels left.
You didn't know any spells.
Your spell library contained the following spells:

 Spells                   Type           Power      Damage    Failure   Level
 Frozen Ramparts          Ice            0%         1d1       80%         3
 Hailstorm                Conj/Ice       0%         3d5       80%         3
 Leda's Liquefaction      Alch/Erth      0%         N/A       99%         4
 Shatter                  Erth           0%         3d5*      100%        9


Dungeon Overview and Level Annotations

Branches:
Dungeon (7/15)             Temple (1/1) D:6

Altars:
Ashenzari
Cheibriados
Dithmenos
Fedhas
Gozag
Hepliaklqana
Kikubaaqudgha
Makhleb
Nemelex Xobeh
Okawaru
Qazlal
Ru
Sif Muna
Trog
Uskayaw
Vehumet
Wu Jian
Xom
Yredelemnul

Shops:
D:7 (

Annotations:
D:7 Maurice


Innate Abilities, Weirdness & Mutations

You are mostly covered in yellow scales. (AC +3)
A powerful demonic guardian rushes to your aid.


Message History

Something completely misses you. Something hits you.
Something mutters, "Now where did you hide it?"
Something bites you but does no damage.
Unknown command.
You completely miss something.
You hear a zap.
A puff of flame appears from out of thin air!
The puff of flame hits you! Something hits you but does no damage.
Something bites you! Something drains your magic.
You closely miss something. Something hits you!
* * * LOW HITPOINT WARNING * * *
Something groans, "What are you, a monk?"
Something bites you.
* * * LOW HITPOINT WARNING * * *
Something drains your magic.
You hear a zap.
A puff of flame appears from out of thin air!
The puff of flame hits you.
* * * LOW HITPOINT WARNING * * *
You miss something. Something hits you.
* * * LOW HITPOINT WARNING * * *
Something mutters, "Now where did you hide it?"
Something completely misses you. Something hits you but does no damage.
Something bites you.
* * * LOW HITPOINT WARNING * * *
Something drains your magic.
You feel better. Something hits you.
* * * LOW HITPOINT WARNING * * *
Something groans, "What are you, a monk?"
Something bites you but does no damage.
You feel better. Something hits you!
* * * LOW HITPOINT WARNING * * *
Something groans, "What are you, a monk?"
Something bites you.
* * * LOW HITPOINT WARNING * * *
Something drains your magic.
Your skin crawls.
You feel strong-willed. Something hits you.
You die...

###### #..... ##
###########.....
##.##[..............
#..@..#########.....
##.{3....# #.....
#.#####.# ###### #.
# #. #. #. #. #. #.
#. ## #. ...... #.


You could see a friendly sun demon (summoned).

Vanquished Creatures
  The ghost of bearlyready the Insei, a novice OpSh (D:5)
  Prince Ribbit (D:7)
  Sigmund (D:5)
  A wyvern (D:6)
  Eustachio (D:5)
  A steam dragon (D:7)
  2 black bears (D:5)
  An ogre (D:4)
  A centaur (D:6)
  2 kobold brigands (D:6)
  2 scorpions
  3 howler monkeys
  4 hounds
  4 orc priests
  2 iguanas
  2 orc wizards (D:4)
  Ijyb (D:5)
  6 gnolls
  4 adders
  7 ribbon worms
  2 dart slugs
  20 orcs
  4 endoplasms
  4 giant cockroaches
  6 hobgoblins
  10 jackals
  9 kobolds
  6 quokkas
  7 ball pythons
  4 bats
  7 frilled lizards
  7 goblins
  7 rats
140 creatures vanquished.

Vanquished Creatures (collateral kills)
  An orc warrior (D:7)
  A black bear (D:6)
  A phantom (D:7)
  A gnoll (D:4)
  3 orcs
  An endoplasm (D:1)
8 creatures vanquished.

Grand Total: 148 creatures vanquished

Notes
Turn   | Place    | Note
-------+----------+-------------------------------------------
     0 | D:1      | ezpacito the Demonspawn Berserker began the quest for the
                  | Orb.
     0 | D:1      | Reached XP level 1. HP: 18/18 MP: 1/1
    40 | D:1      | Noticed a great orb of eyes
    42 | D:1      | Found a faded altar of an unknown god.
    43 | D:1      | Noticed a glass eye
    43 | D:1      | Noticed a golden eye
    43 | D:1      | Noticed an eye of devastation
   491 | D:1      | Gained mutation: A weak demonic guardian rushes to your
                  | aid. [demonic ancestry]
   491 | D:1      | Reached XP level 2. HP: 24/24 MP: 2/2
   969 | D:2      | Gained mutation: You are partially covered in yellow
                  | scales. (AC +2) [demonic ancestry]
   969 | D:2      | Reached XP level 3. HP: 29/29 MP: 3/3
  1024 | D:2      | Reached ** piety under Trog
  1044 | D:2      | Reached skill level 1 in Stealth
  1067 | D:2      | Identified the ring of Ru's Hatred {rCorr Dex+3 Stlth+}
  1911 | D:3      | Reached skill level 2 in Armour
  2126 | D:3      | Gained mutation: You are mostly covered in yellow scales.
                  | (AC +3) [demonic ancestry]
  2126 | D:3      | Reached XP level 4. HP: 30/35 MP: 4/4
  2699 | D:4      | Noticed a scorpion
  2702 | D:4      | Killed a scorpion
  2703 | D:4      | Reached skill level 1 in Unarmed Combat
  2703 | D:4      | Reached XP level 5. HP: 41/41 MP: 5/5
  2816 | D:4      | Identified the +11 mace "Ruoq" {heavy, rN+}
  2972 | D:4      | Reached skill level 1 in Throwing
  3000 | D:4      | Reached *** piety under Trog
  3001 | D:4      | Reached XP level 6. HP: 14/48 MP: 3/6
  3208 | D:4      | Reached skill level 3 in Armour
  3836 | D:4      | Found a blossoming altar of Fedhas.
  4042 | D:5      | Entered Level 5 of the Dungeon
  4051 | D:5      | Gained mutation: A demonic guardian rushes to your aid.
                  | [demonic ancestry]
  4051 | D:5      | Reached XP level 7. HP: 53/53 MP: 7/7
  4095 | D:5      | Noticed Eustachio
  4104 | D:5      | Killed Eustachio
  4138 | D:5      | Reached skill level 4 in Armour
  4170 | D:5      | Noticed Sigmund
  4181 | D:5      | Killed Sigmund
  4223 | D:5      | Gained mutation: A powerful demonic guardian rushes to your
                  | aid. [demonic ancestry]
  4223 | D:5      | Reached XP level 8. HP: 61/61 MP: 8/8
  4336 | D:5      | Noticed Ijyb
  4345 | D:5      | Killed Ijyb
  4571 | D:5      | Found a runed translucent door.
  4580 | D:5      | Noticed bearlyready's ghost (novice OpSh)
  4590 | D:5      | Killed bearlyready's ghost
  4591 | D:5      | Reached skill level 5 in Fighting
  4591 | D:5      | Reached skill level 5 in Armour
  4983 | D:6      | Found a shimmering blue altar of Sif Muna.
  4996 | D:6      | Found a broken altar of Ashenzari.
  5117 | D:6      | Reached skill level 1 in Maces & Flails
  5181 | D:6      | Reached skill level 5 in Axes
  5304 | D:6      | Found a staircase to the Ecumenical Temple.
  5316 | D:6      | Reached XP level 9. HP: 68/68 MP: 9/9
  5353 | D:6      | Got the Spellbook of the Snow-white Valley
  5357 | Temple   | Entered the Ecumenical Temple
  5811 | D:7      | Reached skill level 6 in Armour
  6087 | D:7      | Found Zyntah Lanu's Weapon Boutique.
  6178 | D:7      | Reached **** piety under Trog
  6264 | D:7      | Noticed Prince Ribbit
  6273 | D:7      | Killed Prince Ribbit
  6484 | D:7      | Noticed Maurice
  6489 | D:7      | Something stole a +0 war axe
  6490 | D:7      | Something stole 85 stones
  6491 | D:7      | Something stole 534 gold
  6499 | D:7      | HP: 3/69 [something (2)]
  6502 | D:7      | Slain by Maurice

Illustrated notes

Levels and vault maps discovered:
D:1:      co_arrival_random_square_maze, layout_basic,
          hellmonk_ecumenical_altar_watching_god
D:2:      cheibrodos_helix_gallery, layout_basic
D:3:      layout_basic
D:4:      cheibrodos_pilgrimage, layout_layer_cave,
          lemuel_coloured_pillars_altar
D:5:      layout_basic, gammafunk_ghost_grave, uniq_sigmund, uniq_eustachio,
          uniq_ijyb
D:6:      layout_loops_cross, mainiacjoe_overflow_large_starburst,
          minmay_temple_entry_offerings
D:7:      layout_loops_cross, serial_shops, nicolae_shop_statue_plus,
          uniq_maurice, uniq_prince_ribbit1
Temple:   hellmonk_temple_of_storms

Skill      XL: |  1  2  3  4  5  6  7  8  9 |
---------------+----------------------------+-----
Axes           | 3 4 5 |  5.2
Stealth        | 1 2 3 4 |  4.2
Armour         | 2 3 4 5 6 |  6.3
Dodging        | 2 3 |  3.7
Unarmed Combat | 1 2 3 |  3.4
Throwing       | 1 2 3 |  3.2
Fighting       | 4 5 |  5.8
Maces & Flails | 1 |  1.9

Action                     |  1- 3 |  4- 6 |  7- 9 || total
---------------------------+-------+-------+-------++-------
  Melee: Hand axe          |   167 |    62 |       ||   229
         Punch             |       |     2 |     2 ||     4
         Mace              |       |    50 |   117 ||   167
 Invoke: Berserk           |     2 |     2 |     7 ||    11
         Trog's Hand       |       |     1 |     2 ||     3
    Use: Scroll            |     6 |       |     5 ||    11
         Potion            |       |     5 |     7 ||    12
   Stab: Sleeping          |     1 |     5 |     3 ||     9
         Distracted        |     1 |       |       ||     1
 Armour: Animal skin       |    13 |       |       ||    13
         Ring mail         |    75 |    66 |       ||   141
         Scale mail        |       |    35 |    37 ||    72
         Chain mail        |       |       |   106 ||   106
         Steam dragon scal |       |       |    50 ||    50
         Skin              |       |       |     7 ||     7
  Dodge: Dodged            |   113 |    87 |    93 ||   293
